 Dungeon Crawl Stone Soup version 0.27-a0-1196-g3e9cee4cb2 (webtiles) character file.

Game seed: 2659883755811233733

16896 spiderkeys the Spear-Bearer (level 12, -10/87 HPs)
             Began as an Octopode Abyssal Knight on May 30, 2021.
             Was an Elder of Lugonu.
             Mangled by a five-headed hydra (14 damage)
             ... on level 2 of the Lair of Beasts.
             The game lasted 00:20:52 (14806 turns).

spiderkeys the Spear-Bearer (OpAK)                 Turns: 14806, Time: 00:20:53

Health: -10/87     AC:  1    Str: 22    XL:     12   Next: 42%
Magic:  18/18      EV: 16    Int: 20    God:    Lugonu [****..]
Gold:   685        SH: 17    Dex: 15    Spells: 11/11 levels left

rFire    . . .     SeeInvis .   a - +2 trident (flame)
rCold    + . .     Faith    .   K - +1 kite shield {reflect}
rNeg     . . .     Spirit   .   (helmet restricted)
rPois    .         Reflect  +   h - amulet of the Little Devil {Reflect Int+5 SH+5}
rElec    .         Harm     .   S - +6 ring of strength
rCorr    .         Rampage  .   D - +6 ring of dexterity
Will     .....                  L - ring of flight
Stlth    ++........             (no ring)
HPRegen  0.24/turn              (no ring)
MPRegen  0.16/turn              (no ring)
                                (no ring)
                                (no ring)

@: flying
A: almost no armour, amphibious, 8 rings, camouflage 1, gelatinous body 1,
(nimble swimmer 1), tentacles, clumsy 1, cold resistance 1
a: Renounce Religion, Depart the Abyss, Bend Space, Banish, Corrupt


You were on level 2 of the Lair of Beasts.
You worshipped Lugonu.
Lugonu was greatly pleased with you.
You visited 3 branches of the dungeon, and saw 14 of its levels.
You visited the Abyss 1 time.

You collected 685 gold pieces.


Innate Abilities, Weirdness & Mutations

You cannot wear most types of armour.
You are amphibious.
You can wear up to eight rings at the same time.
Your skin changes colour to match your surroundings (Stealth+).
Your rubbery body absorbs attacks. (AC +1, EV +1)
((You are camouflaged near water. (Stealth+)))
You have tentacles for arms and can constrict up to eight enemies at once.
You are clumsy. (Dex -2)
Your flesh is cold resistant. (rC+)


   Skills:
 + Level 9.7 Fighting
 + Level 11.5 Polearms
 + Level 9.5 Dodging
 * Level 6.5 Shields
 - Level 9.0 Invocations


You had 11 spell levels left.
You didn't know any spells.
Your spell library contained the following spells:

 Spells                   Type           Power      Damage    Failure   Level
 Animate Skeleton         Necr           0%         N/A       50%         1
 Apportation              Tloc           0%         N/A       50%         1
 Corona                   Hex            0%         N/A       50%         1
 Freeze                   Ice            0%         1d3       50%         1
 Magic Dart               Conj           0%         1d3       50%         1
 Pain                     Necr           0%         1d4       50%         1
 Summon Small Mammal      Summ           0%         N/A       50%         1
 Blink                    Tloc           N/A        N/A       65%         2
 Call Imp                 Summ           0%         N/A       65%         2
 Slow                     Hex            0%         N/A       65%         2
 Conjure Flame            Conj/Fire      0%         6-21      86%         3
 Frozen Ramparts          Ice            0%         1d2       86%         3
 Mephitic Cloud           Conj/Pois/Air  0%         N/A       86%         3
 Ozocubu's Armour         Ice            0%         N/A       86%         3
 Vampiric Draining        Necr           0%         2d6       86%         3
 Animate Dead             Necr           0%         N/A       99%         4
 Hailstorm                Conj/Ice       0%         3d3       99%         4
 Agony                    Necr           0%         N/A       100%        5
 Metabolic Englaciation   Hex/Ice        0%         N/A       100%        5

Inventory:

Hand Weapons
 a - a +2 trident of flaming (weapon)
   (You took it off an orc warrior on level 6 of the Dungeon)
 b - the +7 hunting sling of Dodghazio {venom, rC+ Int+4}
   (You found it on level 8 of the Dungeon)

   It poisons the ammo it fires.
   It affects your intelligence (+4).
   It protects you from cold.
 w - a +1 trident
   (You found it on level 4 of the Dungeon)
Missiles
 c - 164 stones
 g - 213 arrows
 i - 2 curare-tipped darts {=f}
 j - 23 poisoned darts
 k - 5 throwing nets {=f!f}
 q - 4 boomerangs of dispersal {=f!f}
 r - 122 bolts
 u - 73 sling bullets
 y - 3 atropa-tipped darts
 F - 7 silver javelins
 N - 3 boomerangs
Armour
 K - a +1 kite shield of reflection (worn)
   (You acquired it on level 10 of the Dungeon)
Jewellery
 h - the amulet of the Little Devil (around mantle) {Reflect Int+5 SH+5}
   (You acquired it on level 2 of the Dungeon)

   [amulet of reflection]

   It reflects blocked missile attacks.
   It affects your intelligence (+5).
   It affects your SH (+5).
 C - a ring of ice
   (You found it on level 5 of the Dungeon)
 D - a +6 ring of dexterity (right tentacle)
   (You found it on level 5 of the Dungeon)
 L - a ring of flight (on tentacle)
   (You found it on level 8 of the Dungeon)
 S - a +6 ring of strength (left tentacle)
   (You found it on level 3 of the Dungeon)
Wands
 o - a wand of mindburst (8)
   (You found it on level 5 of the Dungeon)
 t - a wand of paralysis (11)
   (You found it on level 5 of the Dungeon)
 A - a wand of flame (24)
   (You found it on level 6 of the Dungeon)
 B - a wand of iceblast (12)
   (You found it on level 1 of the Lair of Beasts)
 I - a wand of acid (9)
   (You found it on level 9 of the Dungeon)
 J - a wand of polymorph (8)
   (You found it on level 9 of the Dungeon)
Scrolls
 v - 2 scrolls of fog
 E - a scroll of amnesia
 G - 2 scrolls of enchant armour
 H - 2 scrolls of teleportation {@r4}
 O - a scroll of vulnerability {!r!r}
Potions
 d - a potion of ambrosia
 e - a potion of might {unknown}
 f - a potion of magic
 l - a potion of haste {@q3}
 m - a potion of mutation {!q}
 n - a potion of cancellation
 p - 2 potions of flight
 s - a potion of attraction {unknown}
 x - a potion of brilliance
 z - a potion of invisibility

Dungeon Overview and Level Annotations

Branches:
Dungeon (11/15)            Temple (1/1) D:6            Lair (2/6) D:10
  Swamp: Lair:2-4    Shoals: Lair:2-4     Snake: Lair:2-4    Spider: Lair:2-4
    Orc: D:9-12

Altars:
Fedhas
Hepliaklqana
Makhleb
Qazlal
Ru
Trog
Wu Jian
Xom
The Shining One

Annotations:
D:7 3 runed translucent doors, exclusion: ice statue, lunkers's ghost, novice VSFi
Abyss:1 Harold

#...#P##P..P#....P#
.#############...## ##
#...## # #######....# ##
####.##.#P...##
.####.#...##.....# #
.................###.##.
........................
...####.P.......@D(....P
.### ##........###.(..#
.# ##........# #...# .#
#.........# .. # .#
##.......## .#
#........# .# #.......##
.# #.......# .#
#........


You could see a five-headed hydra (very poisoned).


Message History

A water moccasin comes into view.
Unknown command.
Your +2 trident of flaming stops flaming.
You feel clever.
The +7 hunting sling of Dodghazio {venom, rC+ Int+4} begins to drip with poison!
b - the +7 hunting sling of Dodghazio (weapon)
{venom, rC+ Int+4} Fire: 75 sling bullets
Press: ? - help, Q - select action, (/) - cycle Shift-Dir - straight line, f - water moccasin
Aim: a water moccasin (asleep, 98% to hit)
Your line of fire to the water moccasin is blocked by a fungus.
Continue anyway?
Okay, then.
Fire: 75 sling bullets
Press: ? - help, Q - select action, (/) - cycle Shift-Dir - straight line, f/p - water moccasin
Aim: a water moccasin (asleep, 98% to hit)
Your line of fire to the water moccasin is blocked by a fungus.
Continue anyway?
Okay, then.
Fire: 75 sling bullets
Press: ? - help, Q - select action, (/) - cycle Shift-Dir - straight line, f/p - water moccasin
Aim: a water moccasin (asleep, 98% to hit)
Okay, then.
The water moccasin hisses angrily.
Fire: 75 sling bullets
Press: ? - help, Q - select action, (/) - cycle Shift-Dir - straight line, f/p - water moccasin
Aim: a water moccasin (56% to hit)
You shoot a sling bullet.
The sling bullet hits the water moccasin!
Fire: 74 sling bullets
Press: ? - help, Q - select action, (/) - cycle Shift-Dir - straight line, f/p - water moccasin
Aim: a water moccasin (heavily wounded, 56% to hit)
You shoot a sling bullet.
The sling bullet barely misses the water moccasin.
You block the water moccasin's attack.
The +7 hunting sling of Dodghazio {venom, rC+ Int+4} stops dripping with poison.
Your +2 trident of flaming bursts into flame!
a - a +2 trident of flaming (weapon)
You puncture the water moccasin! You burn the water moccasin.
Your grab misses the water moccasin. The water moccasin barely misses you.
You block the water moccasin's attack.
You closely miss the water moccasin. You grab the water moccasin.
You constrict the water moccasin.
You kill the water moccasin!
Lugonu accepts your kill.
u - 74 sling bullets (gained 1)
u - 75 sling bullets (gained 1)
s - a puce potion A five-headed hydra is nearby!
Your +2 trident of flaming stops flaming.
You feel clever.
The +7 hunting sling of Dodghazio {venom, rC+ Int+4} begins to drip with poison!
b - the +7 hunting sling of Dodghazio (weapon)
{venom, rC+ Int+4} Fire: 75 sling bullets
Press: ? - help, Q - select action, (/) - cycle Shift-Dir - straight line, f - five-headed hydra
Aim: a five-headed hydra (wandering, hasn't noticed you, 83% to hit)
You shoot a sling bullet. The five-headed hydra roars!
The sling bullet hits the five-headed hydra!
Fire: 74 sling bullets
Press: ? - help, Q - select action, (/) - cycle Shift-Dir - straight line, f/p - five-headed hydra
Aim: a five-headed hydra (lightly wounded, 83% to hit)
You shoot a sling bullet.
The sling bullet hits the five-headed hydra.
The five-headed hydra is poisoned.
The +7 hunting sling of Dodghazio {venom, rC+ Int+4} stops dripping with poison.
Your +2 trident of flaming bursts into flame!
a - a +2 trident of flaming (weapon)
You block the five-headed hydra's attack.
The five-headed hydra completely misses you.
The five-headed hydra barely misses you.
The five-headed hydra bites you.
The five-headed hydra misses you. 😕 HP[-1]
You take 1 damage, and now have 86/87 hp.
You puncture the five-headed hydra! You burn the five-headed hydra.
You squeeze the five-headed hydra. You hit the five-headed hydra.
You burn the five-headed hydra. The five-headed hydra bites you!
You block the five-headed hydra's attack.
The five-headed hydra bites you! The five-headed hydra misses you.
The five-headed hydra bites you! 😮 HP[-38]
You take 38 damage, and now have 48/87 hp.
MASSIVE DAMAGE!! (PAUSE)
You hit the five-headed hydra. You burn the five-headed hydra.
You squeeze the five-headed hydra. The five-headed hydra bites you!!
* * * LOW HITPOINT WARNING * * *
You block the five-headed hydra's attack. x3
The five-headed hydra bites you.
* * * LOW HITPOINT WARNING * * *
😨 HP[-21]
You take 21 damage, and now have 27/87 hp.
MASSIVE DAMAGE!! (PAUSE)
You puncture the five-headed hydra! You burn the five-headed hydra.
You squeeze the five-headed hydra.
You block the five-headed hydra's attack.
The five-headed hydra bites you!
* * * LOW HITPOINT WARNING * * *
The five-headed hydra bites you!
* * * LOW HITPOINT WARNING * * *
You block the five-headed hydra's attack.
The five-headed hydra bites you!
You die...

Skill      XL: |  1  2  3  4  5  6  7  8  9 10 11 12 |
---------------+-------------------------------------+-----
Fighting       | 4 5 6 7 8 9 |  9.7
Polearms       | 4 5 6 8 10 11 | 11.5
Dodging        | 4 5 6 7 9 |  9.5
Invocations    | 4 5 6 7 8 9 |  9.0
Shields        | 5 6 |  6.5

Action                   |  1- 3 |  4- 6 |  7- 9 | 10-12 || total
-------------------------+-------+-------+-------+-------++-------
Melee: Spear             |    13 |       |   224 |       ||   237
       Tentacles         |     3 |       |    70 |    83 ||   156
       Constrict         |     1 |       |    67 |    50 ||   118
       Trident           |       |       |   166 |   280 ||   446
 Fire: Hunting sling     |       |       |       |    31 ||    31
Invok: Bend Space        |       |       |     1 |     5 ||     6
       Banish            |       |       |       |     7 ||     7
Evoke: Wand              |       |       |     5 |     5 ||    10
  Use: Scroll            |       |       |    11 |    10 ||    21
       Potion            |       |       |     3 |     3 ||     6
 Stab: Sleeping          |       |       |    12 |    10 ||    22
       Distracted        |       |       |     1 |     1 ||     2
Armor: Skin              |       |       |    10 |     2 ||    12
Dodge: Dodged            |       |       |   162 |   164 ||   326
Block: Other             |       |       |    45 |    25 ||    70
       Reflection        |       |       |     2 |     3 ||     5
       Kite shield       |       |       |       |   120 ||   120

Levels and vault maps discovered:
D:1:      lightli_arrival_noodles, layout_basic,
          ebering_ecumenical_altar_petrified, minmay_liquid_box,
          minmay_quantized
D:2:      layout_rooms, serial_corexii_hall, chequers_hall_statues_wall_a,
          corexii_hall_statues_u, basic_altar
D:3:      layout_loops_ring
D:4:      layout_rooms
D:5:      layout_rooms, chequers_temple_overflow_statue_of_worship,
          uniq_grinder, uniq_menkaure
D:6:      layout_layer_cave, lemuel_round_altar,
          nicolae_ru_sacrificial_ziggurat, minmay_temple_entry_junction,
          sigmund_edmund_badplayer
D:7:      lemuel_ice_statue, layout_loops_ring, gammafunk_ghost_icy
D:8:      layout_loops_ring, grunt_temple_overflow_forces_of_nature
D:9:      layout_basic, uniq_prince_ribbit1, uniq_maggie, uniq_joseph, uniq_grum
D:10:     layout_gridville, grunt_lair_entry_orc_guard_hut, uniq_snorg
D:11:     kb_forest_paths, layout_basic, gammafunk_ghost_necromancy
Temple:   kb_temple_of_zot
Lair:1:   layout_gridlike, grunt_megastairs_1, uniq_harold
Lair:2:   layout_chaotic_city, serial_bayou_shore_a

Notes
Turn   | Place    | Note
-------+----------+-------------------------------------------
     0 | Abyss:1  | spiderkeys the Octopode Abyssal Knight began the quest for
                  | the Orb.
     0 | Abyss:1  | Reached XP level 1. HP: 16/16 MP: 2/2
     0 | Abyss:1  | magus.rc [v1.9.10]
    22 | Abyss:1  | Found a corrupted altar of Lugonu.
   130 | Abyss:1  | Noticed a large abomination
   161 | Abyss:1  | Noticed a glowing orange brain
   167 | Abyss:1  | Noticed a will-o-the-wisp
   186 | Abyss:1  | Noticed a small abomination
   187 | Abyss:1  | Killed a glowing orange brain
   188 | Abyss:1  | Reached skill level 4 in Fighting
   188 | Abyss:1  | Reached skill level 4 in Polearms
   188 | Abyss:1  | Reached skill level 4 in Dodging
   188 | Abyss:1  | Reached skill level 4 in Invocations
   188 | Abyss:1  | Reached XP level 2. HP: 23/23 MP: 3/5
   188 | Abyss:1  | Reached XP level 3. HP: 27/27 MP: 3/6
   188 | Abyss:1  | Reached XP level 4. HP: 34/34 MP: 3/7
   188 | Abyss:1  | Reached XP level 5. HP: 38/38 MP: 3/8
   188 | Abyss:1  | Reached XP level 6. HP: 44/44 MP: 3/9
   188 | Abyss:1  | Reached XP level 7. HP: 49/49 MP: 3/10
   190 | D:1      | You pass through the gate.
   190 | D:1      | Escaped the Abyss
   437 | D:1      | Reached ** piety under Lugonu
   509 | D:1      | Found a faded altar of an unknown god.
   568 | D:1      | You fall into a shaft and drop 1 floor!
   929 | D:2      | Found a sacrificial altar of Ru.
  1093 | D:2      | Identified a scroll of acquirement
  1093 | D:2      | Acquired the amulet of the Little Devil {Reflect Int+5
                  | SH+5}
  1365 | D:3      | HP: 12/49 [gnoll/+0 spear (3)]
  1401 | D:3      | HP: 8/49 [gnoll/+0 spear (10)]
  1836 | D:3      | You pick up a book of Minor Magic and begin reading...
  1836 | D:3      | You add the spells Magic Dart, Blink, Call Imp, Slow,
                  | Conjure Flame and Mephitic Cloud to your library.
  1917 | D:3      | Reached *** piety under Lugonu
  2568 | D:4      | Reached skill level 5 in Fighting
  2727 | D:4      | Reached skill level 5 in Polearms
  2760 | D:4      | Reached skill level 5 in Invocations
  2760 | D:4      | Reached XP level 8. HP: 42/55 MP: 11/11
  2931 | D:4      | You fall into a shaft and drop 1 floor!
  2931 | D:5      | Entered Level 5 of the Dungeon
  2939 | D:5      | Reached skill level 5 in Dodging
  3290 | D:4      | You pick up a book of Frost and begin reading...
  3290 | D:4      | You add the spells Freeze, Frozen Ramparts, Ozocubu's
                  | Armour, Hailstorm and Metabolic Englaciation to your
                  | library.
  3487 | D:5      | Reached skill level 6 in Polearms
  3599 | D:5      | Found a burning altar of Makhleb.
  3599 | D:5      | Found an ornate altar of the Wu Jian Council.
  3618 | D:5      | Noticed Grinder
  3624 | D:5      | Killed Grinder
  3790 | D:5      | Noticed Menkaure
  3797 | D:5      | Killed Menkaure
  3798 | D:5      | Reached skill level 6 in Fighting
  3798 | D:5      | Reached skill level 6 in Invocations
  3798 | D:5      | Reached XP level 9. HP: 32/62 MP: 13/13
  4479 | D:6      | Found a bloodstained altar of Trog.
  4513 | D:6      | Reached skill level 7 in Polearms
  4554 | D:6      | Noticed a komodo dragon
  4565 | D:6      | Killed a komodo dragon
  4566 | D:6      | Reached skill level 6 in Dodging
  4909 | D:6      | Found a sacrificial altar of Ru.
  4923 | D:6      | Reached **** piety under Lugonu
  5170 | D:5      | Gained mutation: Your flesh is cold resistant. (rC+)
                  | [potion of mutation]
  5170 | D:5      | Gained mutation: You are clumsy. (Dex -2) [potion of
                  | mutation]
  5392 | D:6      | Found a staircase to the Ecumenical Temple.
  5516 | D:6      | Noticed Edmund
  5523 | D:6      | Killed Edmund
  5541 | D:6      | Noticed Sigmund
  5543 | D:6      | Killed Sigmund
  5544 | D:6      | Reached skill level 8 in Polearms
  5747 | Temple   | Entered the Ecumenical Temple
  5900 | D:7      | Found a runed translucent gate.
  5900 | D:7      | Found a runed translucent gate.
  5901 | D:7      | Found a runed translucent gate.
  5966 | D:7      | Reached skill level 7 in Invocations
  6259 | D:7      | Reached skill level 7 in Fighting
  6581 | D:7      | Reached XP level 10. HP: 71/71 MP: 15/15
  6666 | D:7      | Noticed an ice statue
  6970 | D:7      | Noticed lunkers's ghost (novice VSFi)
  7039 | D:8      | Found a stormy altar of Qazlal.
  7062 | D:8      | Identified the +7 hunting sling of Dodghazio {venom, rC+
                  | Int+4}
  7171 | D:8      | Found a blossoming altar of Fedhas.
  7196 | D:8      | Reached skill level 7 in Dodging
  7370 | D:8      | You pick up a book of Necromancy and begin reading...
  7370 | D:8      | You add the spells Pain, Animate Skeleton, Vampiric
                  | Draining, Animate Dead and Agony to your library.
  7414 | D:8      | Noticed a two-headed ogre
  7423 | D:8      | Killed a two-headed ogre
  7424 | D:8      | Reached skill level 9 in Polearms
  7834 | D:9      | Noticed Grum
  8145 | D:9      | Killed Grum
  8376 | D:9      | Noticed Joseph
  8383 | D:9      | HP: 14/71 [Joseph/+0 quarterstaff (8)]
  8385 | D:9      | Killed Joseph
  8657 | D:9      | Noticed Maggie
  8667 | D:9      | Killed Maggie
  8668 | D:9      | Reached skill level 8 in Invocations
  9299 | D:9      | Reached skill level 8 in Fighting
  9685 | D:9      | Noticed Prince Ribbit
  9688 | D:9      | Reached skill level 10 in Polearms
  9693 | D:9      | Killed Prince Ribbit
  9877 | D:9      | Reached XP level 11. HP: 68/77 MP: 17/17
  9955 | D:10     | Entered Level 10 of the Dungeon
 10002 | D:10     | Reached skill level 8 in Dodging
 10014 | D:10     | HP: 14/77 [vampire mosquito (8)]
 10329 | D:10     | You pick up a book of Frost and begin reading...
 10337 | D:10     | Found a staircase to the Lair.
 10360 | D:10     | Noticed Snorg
 10369 | D:10     | Killed Snorg
 10550 | D:10     | Acquired a +1 kite shield of reflection
 11296 | D:11     | Reached skill level 1 in Shields
 11303 | D:11     | Noticed a two-headed ogre
 11316 | D:11     | Noticed a two-headed ogre
 11320 | D:11     | Banished a two-headed ogre
 11321 | D:11     | Reached skill level 2 in Shields
 11321 | D:11     | Reached skill level 9 in Invocations
 11324 | D:11     | Noticed a phantasmal warrior
 11335 | D:10     | HP: 8/78 [phantasmal warrior[a death knight] (27)]
 11338 | D:10     | Banished a phantasmal warrior
 11339 | D:10     | Reached skill level 3 in Shields
 11754 | D:11     | Noticed a death knight
 11762 | D:10     | Killed a two-headed ogre
 11885 | Lair:1   | Entered Level 1 of the Lair of Beasts
 11885 | Lair:1   | Noticed an eight-headed hydra
 11892 | Lair:1   | HP: 13/78 [eight-headed hydra (8)]
 11897 | Lair:1   | Banished an eight-headed hydra
 11898 | Lair:1   | Reached skill level 9 in Fighting
 11898 | Lair:1   | Reached skill level 11 in Polearms
 11898 | Lair:1   | Reached skill level 4 in Shields
 12315 | Lair:1   | Noticed a five-headed hydra
 12324 | Lair:1   | Killed a five-headed hydra
 12461 | Lair:1   | Reached skill level 9 in Dodging
 12477 | Lair:1   | You pick up a book of Cantrips and begin reading...
 12477 | Lair:1   | You add the spells Corona, Summon Small Mammal and
                  | Apportation to your library.
 12541 | Lair:1   | HP: 3/80 [blink frog (16)]
 12546 | Lair:1   | HP: 6/80 [blink frog (1)]
 12934 | Lair:1   | Reached skill level 5 in Shields
 12934 | Lair:1   | Reached XP level 12. HP: 85/85 MP: 18/18
 13131 | Lair:1   | Noticed Harold
 13188 | Lair:2   | HP: 5/85 [Harold/+0 battleaxe (24)]
 13191 | Lair:2   | Banished Harold
 13639 | Lair:1   | Reached skill level 6 in Shields
 13693 | Lair:1   | Noticed a four-headed hydra
 13701 | Lair:1   | Killed a four-headed hydra
 13703 | Lair:1   | HP: 9/86 [cane toad (23)]
 14302 | Lair:2   | Noticed a five-headed hydra
 14316 | Lair:2   | HP: 14/87 [five-headed hydra (15)]
 14316 | Lair:2   | HP: 5/87 [five-headed hydra (9)]
 14806 | Lair:2   | HP: 17/87 [five-headed hydra (10)]
 14806 | Lair:2   | HP: 4/87 [five-headed hydra (13)]
 14806 | Lair:2   | Mangled by a five-headed hydra

Vanquished Creatures
  Snorg (D:10)
  2 hydras (Lair:1)
  2 two-headed ogres
  A glowing orange brain (Abyss:1)
  Joseph (D:9)
  2 cane toads (Lair:1)
  3 black mambas
  Maggie (D:9)
  2 komodo dragons
  Prince Ribbit (D:9)
  A troll (D:10)
  Grinder (D:5)
  A hornet (D:9)
  5 blink frogs
  4 yaks
  Sigmund (D:6)
  Grum (D:9)
  A wraith (D:9)
  2 basilisks
  7 vampire mosquitoes
  Menkaure (D:5)
  4 water moccasins
  Edmund (D:6)
  2 orc warriors
  2 black bears (D:5)
  2 sky beasts
  A necrophage (D:4)
  5 centaurs
  4 wolves
  2 kobold brigands
  8 bullfrogs
  3 scorpions
  A wyvern skeleton (D:6)
  4 howler monkeys
  3 wights (D:8)
  A centaur zombie (D:10)
  5 hounds
  3 orc priests
  A centaur skeleton (D:7)
  A bullfrog skeleton (D:5)
  An iguana (D:4)
  7 orc wizards
  A killer bee zombie (D:6)
  3 hound skeletons
  3 howler monkey zombies
  4 gnolls
  8 adders
  A shadow imp (D:8)
  A white imp (D:8)
  An ufetubus (D:4)
  An adder skeleton (D:4)
  2 worms (D:3)
  2 dart slugs
  19 orcs
  3 ball pythons
  4 bats
  3 endoplasms (D:4)
  A giant cockroach (D:1)
  7 goblins
  A hobgoblin (D:2)
  10 jackals
  3 quokkas
  3 frilled lizards (D:2)
  17 kobolds
  8 rats
208 creatures vanquished.

Vanquished Creatures (others)
  6 fungi (D:10)
  10 plants
16 creatures vanquished.

Grand Total: 224 creatures vanquished

Table legend:
 A = Non-vault XP
 B = Vault XP
 C = Vault XP percentage of total XP
 D = Non-vault monster count
 E = Vault monster count
 F = Vault count percentage of total count
                 A         B        C        D         E       F
            +---------+---------+-------+---------+---------+-------
      Total |   16586 |    7552 |  31.3 |     186 |      26 |  12.3
            +---------+---------+-------+---------+---------+-------
        D:1 |      37 |       7 |  15.9 |      20 |       4 |  16.7
        D:2 |      59 |       0 |   0.0 |      15 |       0 |   0.0
        D:3 |     175 |       0 |   0.0 |      28 |       0 |   0.0
        D:4 |     520 |       0 |   0.0 |      18 |       0 |   0.0
        D:5 |     687 |     459 |  40.1 |      11 |       2 |  15.4
        D:6 |     994 |     361 |  26.6 |      13 |       2 |  13.3
        D:7 |     738 |       0 |   0.0 |      18 |       0 |   0.0
        D:8 |    1530 |     342 |  18.3 |      16 |       3 |  15.8
        D:9 |    1208 |    1471 |  54.9 |       7 |       5 |  41.7
       D:10 |    2214 |    2420 |  52.2 |      16 |       6 |  27.3
       D:11 |    1284 |     110 |   7.9 |       3 |       1 |  25.0
     Lair:1 |    4339 |    1406 |  24.5 |      11 |       2 |  15.4
     Lair:2 |    2113 |     976 |  31.6 |       9 |       1 |  10.0
    Abyss:1 |     688 |       0 |   0.0 |       1 |       0 |   0.0
            +---------+---------+-------+---------+---------+-------

Illustrated notes

Table legend:
 A = Kills in this place as a percentage of kills in entire the game.
 B = Kills by you in this place as a percentage of kills by you in the entire game.
 C = Kills by friends in this place as a percentage of kills by friends in the entire game.
 D = Other kills in this place as a percentage of other kills in the entire game.
 E = Experience gained in this place as a percentage of experience gained in the entire game.
 F = Experience gained in this place divided by the number of levels of this place that you have seen.
                   A       B       C       D       E      F
               +-------+-------+-------+-------+-------+----------------------
         Total | 100.0 | 100.0 |   N/A | 100.0 | 100.0 | 1609.2
       Dungeon |  88.7 |  89.4 |   N/A |  50.0 |  60.6 | 1328.7
          Lair |  10.8 |  10.1 |   N/A |  50.0 |  36.6 | 4417.0
         Abyss |   0.5 |   0.5 |   N/A |   0.0 |   2.9 | 688.0
               +-------+-------+-------+-------+-------+----------------------

Table legend: (Time is in decaauts)
 A = Elapsed time spent in this place.
 B = Non-inter-level travel time spent in this place.
 C = Inter-level travel time spent in this place.
 D = Time resting spent in this place.
 E = Time spent auto-exploring this place.
 F = Levels seen in this place.
 G = Mean time per level.
                   A        B        C        D        E       F      G
               +--------+--------+--------+--------+--------+-----+--------+
         Total |  14739 |  14375 |    364 |   3607 |   9035 |  15 |  982.6 |
       Dungeon |  11622 |  11314 |    308 |   2088 |   7907 |  11 | 1056.5 |
        Temple |      1 |      1 |      0 |      0 |      0 |   1 |    1.0 |
          Lair |   2925 |   2869 |     56 |   1519 |    998 |   2 | 1462.5 |
         Abyss |    190 |    190 |      0 |      0 |    130 |   1 |  190.0 |
               +--------+--------+--------+--------+--------+-----+--------+

Top non-repeatable levels by time:
  Lair:1: 2361 daAuts
    D:10: 1843 daAuts
     D:8: 1552 daAuts
     D:9: 1388 daAuts
     D:6: 1286 daAuts
     D:7: 1228 daAuts
     D:5: 1078 daAuts
     D:3: 1029 daAuts
     D:4: 812 daAuts
     D:2: 754 daAuts
     D:1: 567 daAuts
  Lair:2: 563 daAuts
 Abyss:1: 190 daAuts
    D:11: 80 daAuts
  Temple: 1 daAuts
